 Dungeon Crawl Stone Soup version 0.30-a0-381-g6ea064c7b4 (webtiles) character file.

Game seed: 8435565907538110465

73 qeuew the Trooper (level 4, -1/40 HPs)
             Began as a Hill Orc Fighter on Dec 1, 2022.
             Slain by a gnoll
             ... wielding a +0 spear
              (5 damage)
             ... on level 2 of the Dungeon.
             The game lasted 00:00:52 (1022 turns).

qeuew the Trooper (Hill Orc Fighter)                Turns: 1022, Time: 00:00:52

Health: -1/40      AC:  7    Str: 20    XL:     4   Next: 27%
Magic:  4/4        EV:  9    Int:  8    God:
Gold:   43         SH:  4    Dex: 10    Spells: 3/3 levels left

rFire   . . .      SeeInvis .    a - +0 war axe
rCold   . . .      Faith    .    c - +0 buckler
rNeg    . . .      Spirit   .    b - +0 scale mail
rPois   .          Reflect  .    (no helmet)
rElec   .          Harm     .    (no cloak)
rCorr   .          Rampage  .    (no gloves)
Will    .....                    (no boots)
Stlth   ..........               (no amulet)
HPRegen 0.26/turn                (no ring)
MPRegen 0.09/turn                (no ring)

@: no status effects
A: no striking features
a: no special abilities


You were on level 2 of the Dungeon.
You visited 1 branch of the dungeon, and saw 2 of its levels.

You collected 43 gold pieces.

Inventory:

Hand Weapons
 a - a +0 war axe (weapon)
Armour
 b - a +0 scale mail (worn)
 c - a +0 buckler (worn)
Scrolls
 g - a scroll of fear {unknown}
 i - 2 scrolls of immolation {unknown}
Potions
 d - a potion of might
 e - a potion of haste
 f - a potion of curing {unknown}
 h - a potion of resistance


   Skills:
 + Level 4.2 Fighting
 + Level 3.5 Axes
 + Level 3.8 Armour
 + Level 1.1 Dodging
 + Level 3.8 Shields


You had 3 spell levels left.
You didn't know any spells.
Your spell library contained the following spells:

 Spells                   Type           Power      Damage    Failure   Level
 Call Canine Familiar     Summ           0%         N/A       99%         3
 Portal Projectile        Hex/Tloc       0%         N/A       99%         3
 Leda's Liquefaction      Hex/Erth       0%         N/A       100%        4


Dungeon Overview and Level Annotations

Branches:
Dungeon (2/15)

Altars:


Message History

The gnoll is severely wounded.
You hit the gnoll. The gnoll hits you with a +0 whip.
The gnoll hits you but does no damage.
You slash the gnoll!
You kill the gnoll!
You closely miss the gnoll. You hit the gnoll but do no damage.
You block the gnoll's attack. x2; The frilled lizard barely misses you.
The gnoll hits you but does no damage. The gnoll misses you.
The gnoll barely misses you.
You have reached level 4!
You closely miss the gnoll.
The gnoll is severely wounded.
You hit the gnoll but do no damage. You hit the frilled lizard.
You kill the frilled lizard!
The gnoll barely misses you. x3
You slash the gnoll!
You kill the gnoll!
You hit the gnoll but do no damage. The gnoll closely misses you.
The gnoll throws a throwing net.
The throwing net hits you.
You become entangled in the net!
Unknown command.
You tear a large gash into the net.
The gnoll barely misses you. The goblin hits you but does no damage.
The gnoll hits you from afar with a +0 spear.
You struggle against the net.
The gnoll hits you but does no damage.
The gnoll hits you from afar with a +0 spear.
The goblin hits you but does no damage.
You rip the net and break free!
The goblin closely misses you. The gnoll hits you with a +0 whip.
The gnoll barely misses you.
You slash the goblin!
You kill the goblin!
You slash the gnoll! The gnoll closely misses you.
The gnoll hits you from afar with a +0 spear. x2
* * * LOW HITPOINT WARNING * * *
The gnoll hits you with a +0 whip.
* * * LOW HITPOINT WARNING * * *
The gnoll hits you with a +0 whip.
* * * LOW HITPOINT WARNING * * *
The gnoll hits you from afar with a +0 spear.
You die...

### ##.....# ..# #
..## #..<...####.# .#
#..###.####..##..##.#
##†....# ##....##..#
#...### ###......#
#...# ######.†..#.#
#.#...)........###
#..####..#...!.#.##
..## #).####g@.# .#
... #..#.g$..# . ##
#.##..##... #.. ...#
. #.# ....# .. ..#.#
... ..#.. ... ..# #.


You could see 2 gnolls.

Vanquished Creatures
  2 gnolls (D:2)
  2 dart slugs
  5 bats
  2 endoplasms (D:1)
  2 giant cockroaches (D:1)
  5 goblins
  6 hobgoblins
  3 jackals (D:1)
  A quokka (D:2)
  5 ball pythons
  5 frilled lizards
  2 kobolds (D:1)
  7 rats
47 creatures vanquished.

Notes
Turn   | Place    | Note
-------+----------+-------------------------------------------
     0 | D:1      | qeuew the Hill Orc Fighter began the quest for the Orb.
     0 | D:1      | Reached XP level 1. HP: 19/19 MP: 1/1
   107 | D:1      | Reached XP level 2. HP: 23/27 MP: 2/2
   365 | D:1      | Reached XP level 3. HP: 33/33 MP: 3/3
   609 | D:1      | Reached skill level 4 in Fighting
   960 | D:2      | Reached skill level 1 in Dodging
  1016 | D:2      | Reached XP level 4. HP: 25/40 MP: 4/4
  1022 | D:2      | Slain by a gnoll

Illustrated notes

Levels and vault maps discovered:
D:1:      eino_arrival_cavern_b, layout_loops_ring
D:2:      layout_rooms

Skill      XL: |  1  2  3 |
---------------+----------+-----
Axes           | 3 |  3.5
Fighting       | 4 |  4.2
Dodging        | 1 |  1.1
Armour         | |  3.8
Shields        | |  3.8

Action                   |  1- 3 |  4- 6 || total
-------------------------+-------+-------++-------
Melee: War axe           |   121 |     3 ||   124
  Use: Scroll            |     3 |       ||     3
Armor: Scale mail        |    65 |     3 ||    68
Dodge: Dodged            |    53 |     8 ||    61
Block: Buckler           |    26 |       ||    26

Table legend: (Time is in decaauts)
 A = Elapsed time spent in this place.
 B = Non-inter-level travel time spent in this place.
 C = Inter-level travel time spent in this place.
 D = Time resting spent in this place.
 E = Time spent auto-exploring this place.
 F = Levels seen in this place.
 G = Mean time per level.
                   A        B        C        D        E       F      G
               +--------+--------+--------+--------+--------+-----+--------+
         Total |   1069 |    999 |     70 |      0 |    729 |   2 |  534.5 |
       Dungeon |   1069 |    999 |     70 |      0 |    729 |   2 |  534.5 |
               +--------+--------+--------+--------+--------+-----+--------+

Top non-repeatable levels by time:
     D:1: 960 daAuts
     D:2: 109 daAuts
